AoeStats
← 拿完赏金就赶紧跑路吧

Arena

504664426Analyzed
4v4 RM · 26d ago on Sep 6, 2026· 74m 46s· 8 players
Game mode
Random Map
Map size
Large (8 player)
Population
200
Speed
Normal
Resources
Standard
Victory
Conquest
Starting age
Dark Age
Ending age
Imperial Age
RankedLock teamsTeams togetherTeam positionsShared explorationLock speedFull tech treeHidden civsTurbo modeCheats
Victory
Defeat
🇺🇸 Khmer · United States
1010
+13
987
+14
🇨🇴 Britons · Colombia
967
+15
🇨🇴 Vietnamese · Colombia
956
+15
🇨🇦 Khmer · Canada
965
-18
🇨🇦 Britons · Canada
955
-14
🇨🇦 Slavs · Canada
938
-14
🇨🇦 Japanese · Canada
933
-28
LordSakayO
10:42 Feudal Age
14:51 Castle Age
13:11 Double-Bit Axe
14:02 Horse Collar
19:32 Heavy Plow
23:02 Bow Saw
24:56 Loom
25:47 Wheelbarrow
25:49 Gold Mining
25:52 Stone Mining
27:14 Gold Shaft Mining
27:18 Hand Cart
27:18 Stone Mining
31:22 Imperial Age
30:51 Yeomen
30:23 Fletching
33:09 Two-Man Saw
33:13 Conscription
32:15 Elite Longbowman
33:30 Hoardings
33:04 Bodkin Arrow
34:07 Bracer
34:21 Padded Archer Armor
35:24 Chemistry
34:45 Ballistics
35:09 Town Watch
42:04 Leather Archer Armor
45:56 Ring Archer Armor
45:14 Onager
55:16 Elite Skirmisher
56:20 Imperial Skirmisher
rudra_ovs
11:54 Feudal Age
15:23 Castle Age
13:37 Double-Bit Axe
13:37 Horse Collar
15:48 Wheelbarrow
16:15 Bow Saw
17:41 Heavy Plow
18:25 Hand Cart
21:45 Gold Mining
22:00 Loom
28:24 Imperial Age
27:44 Stone Mining
28:35 Gold Shaft Mining
28:06 Town Watch
30:01 Crop Rotation
30:14 Stone Shaft Mining
29:52 Bloodlines
29:43 Husbandry
30:43 Scale Barding Armor
30:49 Forging
30:40 Scale Mail Armor
30:41 Padded Archer Armor
30:31 Fletching
32:14 Chemistry
32:35 Ballistics
32:21 Elite Battle Elephant
33:37 Conscription
33:20 Tusk Swords
33:50 Chain Barding Armor
33:47 Chain Mail Armor
34:56 Iron Casting
34:16 Bodkin Arrow
34:37 Leather Archer Armor
34:04 Elite Skirmisher
35:58 Plate Barding Armor
35:24 Bracer
35:41 Double Crossbow
35:39 Imperial Skirmisher
35:54 Elite Ballista Elephant
37:46 Blast Furnace
37:31 Siege Engineers
39:07 Ring Archer Armor
38:43 Pikeman
39:10 Arson
43:05 Capped Ram
44:06 Siege Ram
44:13 Halberdier
46:18 Onager
74:23 Spies/Treason
Rattlehead
4:36 Loom
11:14 Feudal Age
13:02 Wheelbarrow
15:28 Castle Age
14:28 Double-Bit Axe
14:24 Horse Collar
17:20 Bow Saw
17:13 Heavy Plow
29:41 Imperial Age
28:04 Padded Archer Armor
28:55 Gold Mining
28:56 Stone Mining
29:06 Fletching
30:26 Ballistics
30:49 Leather Archer Armor
30:30 Bodkin Arrow
33:18 Two-Man Saw
32:22 Bracer
34:18 Ring Archer Armor
35:10 Chemistry
35:45 Paper Money
36:40 Hand Cart
35:59 Elite Rattan Archer
38:10 Pikeman
38:52 Squires
38:38 Arson
38:14 Elite Fire Lancer
42:17 Scale Mail Armor
42:27 Forging
45:41 Iron Casting
45:22 Chain Mail Armor
45:19 Sappers
46:55 Treadmill Crane
47:20 Halberdier
拿完赏金就赶紧跑路吧
12:10 Feudal Age
12:36 Double-Bit Axe
12:33 Horse Collar
17:49 Castle Age
17:23 Padded Archer Armor
18:35 Loom
18:37 Town Watch
19:12 Bow Saw
19:06 Heavy Plow
19:47 Leather Archer Armor
21:40 Chemistry
28:14 Wheelbarrow
28:33 Fortified Wall
28:45 Ballistics
30:44 Wagenburg Tactics
35:07 Imperial Age
34:10 Scale Mail Armor
34:22 Forging
34:30 Masonry
34:48 Pikeman
35:29 Squires
36:17 Conscription
36:30 Siege Engineers
37:17 Hand Cart
37:41 Ring Archer Armor
38:01 Chain Mail Armor
41:10 Elite Hussite Wagon
43:59 Plate Mail Armor
44:04 Iron Casting
43:39 Hussite Reforms
43:42 Wagenburg Tactics
44:48 Town Patrol
45:22 Architecture
51:10 Houfnice
52:54 Caravan
53:25 Coinage
53:05 Guilds
55:36 Sanctity
55:40 Heresy
56:04 Theocracy
55:41 Redemption
55:31 Devotion
55:32 Atonement
55:57 Illumination
55:47 Block Printing
55:28 Herbal Medicine
56:25 Halberdier
58:24 Blast Furnace
62:11 Fletching
62:08 Treadmill Crane
Nobody
9:57 Feudal Age
10:23 Double-Bit Axe
10:45 Horse Collar
17:43 Castle Age
16:11 Scale Barding Armor
19:02 Bow Saw
18:58 Husbandry
22:04 Fervor
22:35 Heavy Plow
22:27 Town Watch
22:31 Loom
23:36 Ballistics
24:48 Devotion
24:50 Gold Mining
24:51 Stone Mining
28:30 Murder Holes
29:00 Chain Barding Armor
33:27 Imperial Age
31:43 Wheelbarrow
32:21 Tusk Swords
33:12 Coinage
32:40 Fletching
33:02 Forging
34:02 Stone Shaft Mining
34:10 Gold Shaft Mining
34:18 Double Crossbow
36:16 Chemistry
36:05 Conscription
36:06 Siege Engineers
36:37 Hand Cart
36:23 Town Patrol
36:29 Elite Ballista Elephant
38:23 Bloodlines
38:55 Plate Barding Armor
39:32 Masonry
58:31 Iron Casting
57:33 Light Cavalry
58:37 Elite Battle Elephant
58:40 Hussar
61:25 Blast Furnace
Chemo-Sabi
8:01 Loom
10:07 Feudal Age
10:41 Double-Bit Axe
10:38 Horse Collar
10:51 Town Watch
13:10 Wheelbarrow
13:51 Man-at-Arms
19:35 Castle Age
19:30 Forging
19:43 Gold Mining
20:35 Bow Saw
20:24 Long Swordsman
20:57 Arson
22:00 Stone Mining
22:25 Squires
23:47 Heavy Plow
25:47 Ballistics
25:08 Treadmill Crane
25:39 Masonry
25:24 Murder Holes
25:45 Scale Mail Armor
25:35 Gambesons
27:24 Gold Shaft Mining
26:49 Crossbowman
26:51 Elite Skirmisher
28:59 Fortified Wall
29:52 Iron Casting
31:19 Fletching
31:47 Guard Tower
33:10 Hand Cart
33:11 Yasama
36:22 Imperial Age
34:48 Chain Mail Armor
34:34 Padded Archer Armor
36:25 Thumb Ring
37:33 Kataparuto
38:20 Conscription
39:19 Blast Furnace
38:50 Plate Mail Armor
39:47 Siege Engineers
41:19 Bodkin Arrow
41:40 Leather Archer Armor
43:15 Chemistry
43:23 Pikeman
46:07 Block Printing
50:03 Onager
57:30 Two-Man Saw
banana
12:01 Feudal Age
11:26 Loom
12:27 Double-Bit Axe
12:24 Horse Collar
12:40 Gold Mining
19:02 Castle Age
18:59 Wheelbarrow
18:10 Town Watch
21:50 Husbandry
22:02 Bloodlines
23:06 Gold Shaft Mining
25:18 Stone Mining
26:12 Scale Mail Armor
26:36 Scale Barding Armor
26:42 Forging
31:44 Imperial Age
29:54 Iron Casting
30:06 Chain Barding Armor
32:39 Hand Cart
32:36 Bow Saw
32:30 Heavy Plow
32:34 Cavalier
33:38 Conscription
34:13 Plate Barding Armor
34:39 Blast Furnace
36:14 Cavalier
39:27 Siege Engineers
38:46 Onager
40:56 Chemistry
40:21 Elite Boyar
43:02 Hoardings
46:26 Light Cavalry
47:53 Masonry
47:54 Fortified Wall
47:41 Murder Holes
47:47 Hussar
51:46 Pikeman
52:27 Squires
62:10 Crop Rotation
62:45 Two-Man Saw
63:18 Crossbowman
Hayah
9:25 Feudal Age
7:40 Loom
10:26 Double-Bit Axe
10:23 Horse Collar
14:07 Gold Mining
17:25 Castle Age
17:12 Wheelbarrow
16:53 Stone Mining
18:21 Bow Saw
18:36 Heavy Plow
20:08 Town Watch
22:09 Fletching
22:19 Padded Archer Armor
23:01 Gold Mining
26:31 Sanctity
27:21 Fortified Wall
28:46 Ballistics
28:37 Masonry
33:22 Imperial Age
31:30 Leather Archer Armor
32:06 Gold Shaft Mining
31:55 Bodkin Arrow
32:05 Squires
33:00 Forging
32:50 Scale Mail Armor
32:13 Pikeman
33:19 Arson
35:28 Architecture
36:24 Ring Archer Armor
35:55 Bracer
35:50 Onager
37:29 Block Printing
38:32 Chemistry
38:17 Conscription
38:48 Arrowslits
39:00 Elite Longbowman
41:59 Siege Engineers
41:36 Treadmill Crane
45:11 Chain Mail Armor
45:31 Iron Casting
45:52 Halberdier
47:11 Plate Mail Armor
52:24 Yeomen
53:16 Hoardings
58:06 Elite Skirmisher
Connection lost

Rejoining the realm…

Still unreachable

The connection could not be restored.

Session expired

The server has moved on; the page needs a fresh start.